cohdb
Replays
Latest Replays
All Replays
Popular Replays
Top Player Replays
Match Explorer
How It Works
Community
CoH3 Stats
Reddit
Sign in to upload your games and track your stats! →
Sign in with Steam
Match 39052595
Unlisted
Match 39052595
Overview
Messages
Build Orders
End
Kettenkrad Recon Vehicle
Construct Infanterie Kompanie
Grenadier Squad
Grenadier Squad
MG 42 Machine Gun Team
Selects Luftwaffe Battlegroup
Selects Luftwaffe Pioneer Support
Construct Luftwaffe Kompanie
Flak 30 Anti-aircraft Gun Team
Selects Stuka Strafing Run
Medical Station
221 Scout Car
Selects Fallschirmjäger Squad Paradrop
Fallschirmjäger Squad Paradrop
Support Elements
Flak 30 Anti-aircraft Gun Team
Construct Panzer Kompanie
Selects Stuka Loiter
Stuka Loiter
Panzer IV Medium Tank
Fallschirmjäger Squad Paradrop
Selects Flak 38 Anti-Air Emplacement
Selects Infantry Reserves
Sturmpanzer IV Brummbär
Side Skirts
Stuka Strafing Run
Panzer IV Medium Tank
Stuka Strafing Run
harald halbgar
XuZhongwei
0
0
Comments
sign in to comment!
No comments posted yet!